 Dungeon Crawl Stone Soup version 0.23.0-3-gf3c87f2df8 (webtiles) character file.

Game seed: 17212264732116417937

43 HolyGrifer the Chiller (level 3, -7/20 HPs)
             Began as a Gargoyle Ice Elementalist on Feb 25, 2019.
             Mangled by a worm (9 damage)
             ... on level 2 of the Dungeon.
             The game lasted 00:05:40 (1598 turns).

HolyGrifer the Chiller (Gargoyle Ice Elementalist)  Turns: 1598, Time: 00:05:40

Health: -7/20      AC:  6    Str: 11    XL:     3   Next: 58%
Magic:  0/7        EV: 11    Int: 16    God:
Gold:   28         SH:  0    Dex: 10    Spells: 6/7 levels left

rFire    . . .     SeeInvis +   d - +0 hand axe
rCold    . . .     Gourm    .   (no shield)
rNeg     + . .     Faith    .   a - +0 leather armour
rPois    ∞         Spirit   .   (no helmet)
rElec    +         Reflect  .   (no cloak)
rCorr    .         Harm     .   (no gloves)
MR       .....                  (no boots)
Stlth    ++........             (no amulet)
HPRegen  0.06/turn              b - ring of see invisible
MPRegen  0.10/turn              (no ring)

@: very slightly contaminated
A: negative energy resistance 1, electricity resistance, unbreathing,
petrification resistance, rot immunity, AC +3
a: no special abilities


You were on level 2 of the Dungeon.
You were not hungry.

You visited 1 branch of the dungeon, and saw 2 of its levels.

You collected 28 gold pieces.

Inventory:

Hand Weapons
 d - a +0 hand axe (weapon)
Armour
 a - a +0 leather armour (worn)
Jewellery
 b - a ring of see invisible (left hand)
Potions
 c - a potion of heal wounds {unknown}
 e - a potion of curing {unknown}
 f - 3 potions of lignification {unknown}
 g - a potion of flight {unknown}


   Skills:
 + Level 0.4 Fighting
 + Level 1.8 Dodging
 + Level 2.4 Stealth
 + Level 2.6 Spellcasting
   Level 1.1 Conjurations
 + Level 3.6 Ice Magic


You had 6 spell levels left.
You knew the following spells:

 Your Spells              Type           Power        Failure   Level  Hunger
a - Freeze                Ice            ##..         6%          1    #......

Your spell library contained the following spells:

 Spells                   Type           Power        Failure   Level  Hunger
 Throw Frost              Conj/Ice       #.....       14%         2    ##.....
 Ozocubu's Armour         Chrm/Ice       #.......     36%         3    ###....
 Throw Icicle             Conj/Ice       #.......     67%         4    #####..
 Summon Ice Beast         Ice/Summ       #.......     77%         4    #####..


Dungeon Overview and Level Annotations

Branches:
Dungeon (2/15)

Altars:


Innate Abilities, Weirdness & Mutations

You are resistant to torment.
Your stone body is resilient. (AC +3)
You are immune to poison.
You resist negative energy. (rN+)
You are resistant to electric shocks. (rElec)
You can survive without breathing.
You are immune to petrification.
You are immune to rotting.


Message History

You kill the gnoll!
A worm is nearby!
You hit the worm but do no damage. The worm bites you.
You barely miss the worm. You hit the worm.
The worm is lightly wounded.
The worm bites you.
* * * LOW HITPOINT WARNING * * *
Casting: Freeze (safe; 6% risk of failure)
Confirm with . or Enter, or press ? or * to list all spells.
Aiming: Freeze (safe; 6% risk of failure)
Press: ? - help, Shift-Dir - straight line, f - worm
Aim: a worm (lightly wounded)
You freeze the worm.
The worm is heavily wounded.
The worm bites you but does no damage.
You completely miss the worm.
The worm is moderately wounded.
The worm bites you!
You die...

.........
.........
..>.....# ###
.......%## .(#
.........## #.#
..........###.#
...........##.###
............#...##
?...........w@...#
..(........#######
...........#
...........#
..........##
..##.....## ######


You could see a worm.

Vanquished Creatures
  A gnoll (D:2)
  A dart slug (D:1)
  2 leopard geckos (D:1)
  A ball python (D:2)
  2 giant cockroaches (D:1)
  4 hobgoblins (D:1)
  A jackal (D:2)
  3 bats (D:1)
  2 frilled lizards (D:1)
  5 goblins (D:1)
  2 kobolds (D:1)
  4 rats
28 creatures vanquished.

Notes
Turn   | Place    | Note
-------+----------+-------------------------------------------
     0 | D:1      | HolyGrifer the Gargoyle Ice Elementalist began the quest
                  | for the Orb.
     0 | D:1      | Reached XP level 1. HP: 10/10 MP: 3/3
   125 | D:1      | Reached XP level 2. HP: 11/15 MP: 1/5
   928 | D:1      | Reached XP level 3. HP: 19/19 MP: 3/6
  1598 | D:2      | Mangled by a worm

Action                   || total
-------------------------++-------
Melee: Unarmed           ||     5
       Hand axe          ||    20
 Cast: Freeze            ||    37
  Eat: Ration            ||     1
Armor: Robe              ||     9
       Leather armour    ||     7
Dodge: Dodged            ||    41
